 Dungeon Crawl Stone Soup version 0.30-b1-2-g02819fbbbe (webtiles) character file.

Game seed: 13114376916617206673

160077 nightchill the Slayer (level 16, 0/225 HPs)
             Began as a Minotaur Fighter on Jan 15, 2024.
             Was the Champion of Hepliaklqana.
             Slain by a demonic crawler (21 damage)
             ... on level 1 of the Spider Nest on Jan 16, 2024.
             The game lasted 01:35:28 (29850 turns).

nightchill the Slayer (Minotaur Fighter)           Turns: 29850, Time: 01:35:29

Health: 0/225      AC: 20    Str: 36    XL:     16   Next: 91%
Magic:  25/25      EV: 17    Int:  5    God:    Hepliaklqana [******]
Gold:   1797       SH:  0    Dex: 16    Spells: 15/15 levels left

rFire   + . .        o - +3 trident of Umman {holy, rElec rF+ rN+}
rCold   . . .        J - +0 kite shield
rNeg    + . .        i - +0 swamp dragon scales
rPois   +            L - +1 hat {Stlth+}
rElec   +            u - +0 cloak "Poewekk" {Will+ Str+3 Dex+2}
rCorr   .            Y - +0 pair of gloves
SInv    .            O - +2 pair of boots
Will    ++...        G - amulet "Lumix" {Acrobat rElec Dex+2} Stlth
                     D - +5 ring of evasion
HPRegen 0.57/turn    K - +6 ring of strength
MPRegen 0.19/turn

%: acrobat
@: confused, berserking, spiked, slowed
A: reduced essence, horns 2, retaliatory headbutt
}: 1/15 runes: decaying
a: Renounce Religion, Recall Ancestor, Ancestor Identity, Transference, Idealise


You were on level 1 of the Spider Nest.
You worshipped Hepliaklqana.
Hepliaklqana was exalted by your worship.
You visited 6 branches of the dungeon, and saw 28 of its levels.

You collected 2693 gold pieces.
You spent 896 gold pieces at shops.

Inventory:

Hand Weapons
 n - a +0 halberd of venom
 o - the +3 trident of Umman (weapon) {holy, rElec rF+ rN+}
   (You found it on level 2 of the Dungeon)

   rF:        It protects you from fire.
   rElec:     It insulates you from electricity.
   rN:        It protects you from negative energy.
 Z - a +0 bardiche
Missiles
 B - 33 poisoned darts (quivered)
 T - 2 curare-tipped darts
 W - 5 datura-tipped darts
Armour
 i - +0 swamp dragon scales (worn)
 u - the +0 cloak "Poewekk" (worn) {Will+ Str+3 Dex+2}
   (You found it on level 4 of the Dungeon)

   Str:       It affects your strength (+3).
   Dex:       It affects your dexterity (+2).
   Will:      It increases your willpower.
 J - a +0 kite shield (worn)
 L - a +1 hat of stealth (worn)
 O - a +2 pair of boots (worn)
 U - the +11 crystal plate armour of Imperfection {rF+}
   (You acquired it on level 1 of the Lair of Beasts)

   rF:        It protects you from fire.
 Y - a +0 pair of gloves (worn)
Jewellery
 D - a +5 ring of evasion (left hand)
 G - the amulet "Lumix" (around neck) {Acrobat rElec Dex+2}
   (You found it on level 13 of the Dungeon)

   [amulet of the acrobat]

   It increases your evasion while moving and waiting.
   Dex:       It affects your dexterity (+2).
   rElec:     It insulates you from electricity.
 K - a +6 ring of strength (right hand)
 M - a ring of protection from fire
 P - an amulet of reflection
Wands
 a - a wand of paralysis (12)
 c - a wand of digging (12)
 z - a wand of quicksilver (7)
 A - a wand of mindburst (33)
 C - a wand of roots (37)
 S - a wand of flame (50)
Scrolls
 b - 7 scrolls of poison
 e - 15 scrolls of teleportation
 f - 6 scrolls of fog
 g - 6 scrolls of immolation
 l - 4 scrolls of fear
 m - 3 scrolls of silence
 p - 4 scrolls of magic mapping
 q - 3 scrolls of summoning
 r - 4 scrolls of brand weapon
 x - 3 scrolls of noise
 y - 6 scrolls of blinking
 H - 3 scrolls of vulnerability
 N - 5 scrolls of enchant armour
 V - a scroll of torment
 X - a scroll of enchant weapon
Potions
 d - a potion of might
 h - 3 potions of attraction
 j - 3 potions of brilliance
 k - 7 potions of haste
 s - 2 potions of berserk rage
 t - 10 potions of heal wounds
 w - 4 potions of mutation
 E - 4 potions of lignification
 F - 8 potions of curing
 I - 2 potions of invisibility {unknown}
 Q - 2 potions of ambrosia
 R - a potion of flight
Miscellaneous
 v - a phantom mirror (inert)


   Skills:
 + Level 21.0 Fighting
 - Level 4.3(9.9) Axes
 - Level 13.7(14.0) Polearms
 + Level 15.6 Armour
 * Level 3.3 Dodging
 - Level 15.0 Shields
 + Level 14.4 Invocations


You had 15 spell levels left.
You didn't know any spells.
Your spell library contained the following spells:

 Spells                   Type           Power      Damage    Failure   Level
 Beastly Appendage        Tmut           0%         N/A       65%         1
 Kiss of Death            Conj/Necr      0%         2d5       65%         1
 Poisonous Vapours        Pois/Air       0%         N/A       78%         2
 Wereblood                Tmut           0%         N/A       78%         2
 Hailstorm                Conj/Ice       0%         3d3       95%         3
 Inner Flame              Hex/Fire       0%         N/A       95%         3
 Mephitic Cloud           Conj/Pois/Air  0%         N/A       95%         3
 Ozocubu's Armour         Ice            0%         N/A       95%         3
 Spider Form              Tmut/Pois      0%         N/A       95%         3
 Summon Guardian Golem    Hex/Summ       0%         N/A       95%         3
 Vhi's Electric Charge    Tloc/Air       0%         N/A       95%         3
 Animate Armour           Summ/Erth      0%         N/A       100%        4
 Flame Wave               Conj/Fire      0%         2d4       100%        4
 Leda's Liquefaction      Hex/Erth       0%         N/A       100%        4
 Sticky Flame             Conj/Fire      0%         2d3       100%        4
 Summon Ice Beast         Ice/Summ       0%         N/A       100%        4
 Arcjolt                  Conj/Air       0%         1d10      100%        5
 Blade Hands              Tmut           0%         N/A       100%        5
 Freezing Cloud           Conj/Ice/Air   0%         6-21      100%        5
 Lee's Rapid Deconstruct  Erth           0%         3d4*      100%        5
 Metabolic Englaciation   Hex/Ice        0%         N/A       100%        5
 Summon Mana Viper        Hex/Summ       0%         N/A       100%        5
 Yara's Violent Unravell  Hex/Tmut       0%         3d3       100%        5
 Iron Shot                Conj/Erth      0%         9d1       100%        6
 Plasma Beam              Fire/Air       0%         2x1d11    100%        6
 Simulacrum               Ice/Necr       0%         N/A       100%        6
 Statue Form              Tmut/Erth      0%         N/A       100%        6
 Enfeeble                 Hex            0%         N/A       100%        7
 Monstrous Menagerie      Summ           0%         N/A       100%        7
 Orb of Destruction       Conj           0%         9d5       100%        7
 Spellforged Servitor     Conj/Summ      0%         N/A       100%        7


Dungeon Overview and Level Annotations

Branches:
Dungeon (15/15) Temple (1/1) D:4 Lair (5/5) D:11 Swamp (4/4) Lair:3 Spider (1/4) Lair:2 Slime (0/5) Lair:4 Orc (2/2) D:11 Elf (0/3) Orc:2 Vaults (0/5) D:12 D:13 Depths: D:15

Altars:
Ashenzari
Cheibriados
Dithmenos
Elyvilon
Fedhas
Gozag
Hepliaklqana
Kikubaaqudgha
Makhleb
Nemelex Xobeh
Okawaru
Qazlal
Ru
Sif Muna
Trog
Uskayaw
Vehumet
Wu Jian
Xom
Yredelemnul
Zin
The Shining One
Jiyva

Shops:
D:2 *   D:7 *   D:13 ::   Orc:2 [![?

Annotations:
D:4 exclusion: downstairs
D:7 exclusion: knight
D:12 exclusion: downstairs
Lair:1 exclusion: 2 oklob plants
Lair:3 2 transporters, emiel's ghost, journeyman DsBe
Lair:4 exclusions: 2 downstairs and oklob plant
Swamp:2 2 transporters, Zatibaps's ghost, journeyman FeVM
Swamp:3 exclusions: lightning spire and 1 more exclusion


Innate Abilities, Weirdness & Mutations

Your life essence is reduced to manifest your ancestor. (-10% HP)
You have a pair of horns on your head.
You reflexively headbutt those who attack you in melee.


Message History

The redback is moderately wounded.
The wolf spider closely misses Jimmeh.
The wolf spider bites Jimmeh.
The redback barely misses you. The demonic crawler barely misses you.
The demonic crawler misses you. x2
The wolf spider hits you but does no damage.
The wolf spider barely misses you.
Jimmeh closely misses the demonic crawler.
Jimmeh hits the demonic crawler with a +0 broad axe of flaming!
Jimmeh burns the demonic crawler.
Jimmeh barely misses the wolf spider.
Jimmeh hits the redback with a +0 broad axe of flaming!
Jimmeh burns the redback.
Jimmeh hits the steelbarb worm with a +0 broad axe of flaming.
Jimmeh burns the steelbarb worm.
The wolf spider hits Jimmeh!
Jimmeh blocks the wolf spider's attack.
The demonic crawler hits Jimmeh but does no damage.
Jimmeh blocks the demonic crawler's attack.
The demonic crawler hits Jimmeh but does no damage.
The redback is healed somewhat.
The moth of wrath goads the steelbarb worm on!
The steelbarb worm goes berserk!
The steelbarb worm hits you!!
* * * LOW HITPOINT WARNING * * *
Barbed spikes become lodged in your body.
The redback bites you but does no damage.
The demonic crawler closely misses you. The demonic crawler hits you!!
* * * LOW HITPOINT WARNING * * *
The demonic crawler closely misses you.
You are too berserk!
You hit the demonic crawler.
The demonic crawler convulses!
Your headbutt misses the demonic crawler.
The demonic crawler is moderately wounded.
The wolf spider hits you!
* * * LOW HITPOINT WARNING * * *
The wolf spider barely misses you.
The wolf spider hits Jimmeh but does no damage.
The wolf spider bites Jimmeh.
Jimmeh is destroyed!
The redback barely misses you.
The demonic crawler hits you but does no damage.
The demonic crawler hits you!!
You die...

....^...(. . #.
s^...?#
..##..#..s#.#
....#.....#
...#.....# ##
#......###
#...#......#h#####
....[...##wsy#s..#
..#...#....ss@s..###
#......(.hw.s###.##
#.......s#s.......#
#......#.........##
...#>..##....(...>##
^..#>...^...#......#
...........##..##..#
.......#.##...=...##
..........†..†.....#


You could see a steelbarb worm (berserk), a torpor snail, 2 demonic crawlers, 2
wolf spiders, a moth of wrath, a culicivora, 2 hogs, 2 tarantellas and a redback
(berserk).

Vanquished Creatures
  Jorgrun (D:13)
  Rupert (D:12)
  A thorn hunter (Swamp:3)
  2 fenstrider witches
  Nessos (D:13)
  2 eleionomae
  2 bunyips
  Snorg (D:10)
  An entropy weaver (Spider:1)
  14 hydras
  2 ghost crabs
  4 boulder beetles
  4 centaur warriors
  3 alligators
  A catoblepas (Lair:5)
  A death knight (D:14)
  2 two-headed ogres
  A deep troll shaman (Lair:5)
  7 orc high priests
  15 death yaks
  A tengu warrior (D:14)
  Sonja (D:10)
  2 wretched stars (D:15)
  3 skeletal warriors
  A skyshark (Lair:4)
  2 goliath frogs
  An orb spider (Spider:1)
  2 cherubim (D:15)
  A lindwurm (Lair:5)
  5 bog bodies
  11 swamp dragons
  An orc knight (D:13)
  2 phantasmal warriors (D:14)
  3 ugly things
  2 deep elf pyromancers
  3 wolf spiders
  2 cyclopes (D:13)
  A manticore (D:14)
  4 will-o-the-wisps
  A moth of wrath (Swamp:4)
  10 elephants
  6 black mambas
  10 cane toads
  A demonic crawler (Spider:1)
  A rime drake (Lair:3)
  A gargoyle (D:11)
  4 unseen horrors
  5 yaktaurs (D:15)
  A tengu conjurer (D:15)
  4 komodo dragons
  A bloated husk (Swamp:3)
  5 trolls
  2 hornets (Swamp:1)
  7 tarantellas
  A polar bear (Lair:3)
  9 tyrant leeches
  21 blink frogs
  9 dream sheep
  2 jumping spiders (Lair:2)
  2 wraiths
  2 shadows (D:9)
  A yak (shapeshifter) (D:15)
  32 yaks
  4 basilisks
  2 hogs (Lair:2)
  5 wyverns
  2 vampires
  2 spriggans (Swamp:1)
  13 humans (D:12)
  5 redbacks
  8 vampire mosquitoes
  9 wargs (Orc:2)
  14 swamp worms
  5 acid dragons
  14 water moccasins
  6 swamp drakes
  15 orc warriors
  An ice beast (D:6)
  2 sky beasts (D:8)
  2 black bears
  10 wolves
  5 ogres
  2 centaurs
  14 bullfrogs
  A gnoll sergeant (D:7)
  5 scorpions
  12 wights
  4 killer bees (D:7)
  5 howler monkeys
  5 hounds
  2 gnoll boudas
  23 orc priests
  A sleepcap (D:6)
  16 orc wizards
  4 iguanas
  4 hell rats
  Ijyb (D:5)
  9 gnolls
  10 adders
  A white imp (D:5)
  2 ufetubi
  7 worms
  3 dart slugs
  61 orcs
  8 bats
  11 endoplasms
  4 giant cockroaches
  5 goblins
  14 hobgoblins
  6 jackals
  8 quokkas
  7 ball pythons
  A frilled lizard (D:1)
  18 kobolds
  2 rats
652 creatures vanquished.

Vanquished Creatures (collateral kills)
  the Lernaean hydra (Swamp:4)
  Gastronok (D:8)
  An emperor scorpion (Lair:2)
  A fenstrider witch (Swamp:3)
  Aizul (Swamp:2)
  An eleionoma (Swamp:4)
  2 bunyips
  An entropy weaver (Lair:2)
  A centaur warrior (D:14)
  3 hydras
  2 boulder beetles (D:15)
  2 death yaks
  3 alligators
  2 tengu warriors
  An orc high priest (Orc:2)
  A spriggan (Swamp:3)
  A wretched star (D:15)
  2 goliath frogs
  A skeletal warrior (D:14)
  A pharaoh ant (Lair:2)
  2 skysharks (Lair:5)
  A bog body (Swamp:2)
  A cherub (D:15)
  2 orb spiders (Spider:1)
  3 swamp dragons (Swamp:4)
  A wizard (D:14)
  2 ugly things
  A wolf spider (Spider:1)
  A cyclops (D:14)
  3 elephants (Lair:5)
  A black mamba (Lair:2)
  5 cane toads
  A rime drake (Lair:3)
  An unseen horror (D:11)
  A komodo dragon (Lair:2)
  A hornet (Swamp:3)
  A tarantella (Lair:2)
  Prince Ribbit (Lair:3)
  A tyrant leech (Swamp:4)
  2 blink frogs
  A dream sheep (Lair:5)
  3 humans (D:12)
  8 yaks
  A vampire mosquito (Swamp:2)
  3 redbacks
  6 swamp worms
  2 water moccasins
  An acid dragon (D:9)
  2 orc warriors
  5 swamp drakes
  A black bear (D:6)
  2 wolves
  6 centaurs
  A kobold brigand (D:9)
  A bullfrog (Lair:4)
  A scorpion (Lair:2)
  2 wights (D:8)
  A howler monkey (D:9)
  An electric eel (D:15)
  2 jellies (D:6)
  8 orc priests
  2 orc wizards
  3 gnolls
  21 orcs
  A ball python (D:10)
  A kobold (D:9)
  5 briar patches (Swamp:3)
152 creatures vanquished.

Vanquished Creatures (others)
  2 bloated husks
  21 knights
  3 ancestors
  2 ball lightnings (Swamp:3)
  23 foxfires
  9 fungi
  32 plants
92 creatures vanquished.

Grand Total: 896 creatures vanquished

Notes
Turn   | Place    | Note
-------+----------+-------------------------------------------
     0 | D:1      | nightchill the Minotaur Fighter began the quest for the
                  | Orb.
     0 | D:1      | Reached XP level 1. HP: 19/19 MP: 0/0
   143 | D:1      | Reached skill level 4 in Fighting
   143 | D:1      | Reached XP level 2. HP: 23/27 MP: 1/1
   340 | D:1      | Reached XP level 3. HP: 33/33 MP: 2/2
   550 | D:1      | Found a faded altar of an unknown god.
   766 | D:2      | Found Jimobluh's Assorted Antiques.
  1052 | D:2      | Identified the +3 trident of Umman {holy, rElec rF+ rN+}
  1086 | D:2      | Reached skill level 1 in Polearms
  1086 | D:2      | Reached XP level 4. HP: 22/41 MP: 3/3
  1836 | D:3      | You fall into a shaft and drop 3 floors!
  1909 | D:6      | Noticed an ice beast
  1920 | D:6      | Killed an ice beast
  1921 | D:6      | Reached skill level 5 in Fighting
  1921 | D:6      | Reached XP level 5. HP: 36/48 MP: 4/4
  1965 | D:5      | Entered Level 5 of the Dungeon
  1975 | D:5      | Noticed an ogre
  1975 | D:5      | Noticed a yak
  1981 | D:5      | Reached XP level 6. HP: 30/56 MP: 5/5
  2123 | D:5      | Noticed a yak
  2124 | D:5      | Noticed a yak
  2124 | D:5      | Noticed a yak
  2313 | D:4      | Reached skill level 5 in Polearms
  2334 | D:4      | Found a staircase to the Ecumenical Temple.
  2347 | Temple   | Entered the Ecumenical Temple
  2581 | D:4      | Identified the +0 cloak "Poewekk" {Will+ Str+3 Dex+2}
  3111 | D:3      | Found a hide-covered altar of Uskayaw.
  3114 | D:3      | Found a shimmering altar of Xom.
  3326 | D:4      | Found a hazy altar of Hepliaklqana.
  3330 | D:4      | Became a worshipper of Hepliaklqana the Forgotten
  3582 | D:4      | Reached skill level 6 in Fighting
  3588 | D:4      | Found a white marble altar of Elyvilon.
  3634 | D:4      | Found an iron altar of Okawaru.
  3890 | D:4      | Reached * piety under Hepliaklqana
  3994 | D:5      | Noticed Ijyb
  3999 | D:5      | Killed Ijyb
  4000 | D:5      | Reached XP level 7. HP: 56/56 MP: 6/6
  4041 | D:5      | Noticed a yak
  4042 | D:5      | Noticed a yak
  4064 | D:4      | Killed a yak
  4206 | D:5      | Reached skill level 7 in Fighting
  4372 | D:6      | Reached XP level 8. HP: 65/65 MP: 7/7
  4894 | D:7      | Found a shimmering blue altar of Sif Muna.
  4968 | D:7      | Reached skill level 8 in Fighting
  5082 | D:7      | Reached skill level 10 in Polearms
  5578 | D:7      | Found Ricilean's Elemental Accessories.
  5613 | D:7      | Reached ** piety under Hepliaklqana
  5614 | D:7      | Remembered your ancestor Jimmeh as a knight
  5754 | D:7      | Reached XP level 9. HP: 65/73 MP: 8/8
  5758 | D:7      | Reached skill level 9 in Fighting
  6449 | D:8      | Noticed Gastronok
  6463 | D:8      | Killed Gastronok
  6464 | D:8      | Reached skill level 10 in Fighting
  6554 | D:8      | Reached XP level 10. HP: 84/84 MP: 9/9
  6748 | D:8      | Found an ornate altar of the Wu Jian Council.
  6963 | D:9      | Reached skill level 11 in Fighting
  6977 | D:9      | Noticed a two-headed ogre
  6988 | D:9      | Killed a two-headed ogre
  6989 | D:9      | Reached skill level 12 in Fighting
  7262 | D:9      | Reached skill level 13 in Fighting
  7668 | D:10     | Entered Level 10 of the Dungeon
  7688 | D:10     | Found a sacrificial altar of Ru.
  7723 | D:10     | Noticed Sonja
  7730 | D:10     | Killed Sonja
  7759 | D:10     | Reached *** piety under Hepliaklqana
  7800 | D:10     | Reached skill level 14 in Fighting
  7965 | D:10     | Reached XP level 11. HP: 81/99 MP: 10/10
  8478 | D:10     | Reached skill level 15 in Fighting
  8643 | D:10     | Noticed Snorg
  8655 | D:10     | Killed Snorg
  8656 | D:10     | Reached skill level 1 in Invocations
  8658 | D:10     | Reached skill level 5 in Shields
  9271 | D:11     | Noticed a two-headed ogre
  9323 | D:11     | Killed a two-headed ogre
  9525 | D:11     | Found a staircase to the Lair.
  9627 | D:11     | Reached **** piety under Hepliaklqana
  9809 | D:11     | Found a staircase to the Orcish Mines.
  9814 | D:11     | Noticed a red ugly thing
  9827 | D:11     | Killed a red ugly thing
  9910 | D:11     | Found a bloodstained altar of Trog.
 10185 | Lair:1   | Entered Level 1 of the Lair of Beasts
 10203 | Lair:1   | Noticed a boulder beetle
 10326 | Lair:1   | Killed a boulder beetle
 10611 | Lair:1   | Reached XP level 12. HP: 109/109 MP: 14/14
 10688 | Lair:1   | Identified a scroll of acquirement
 10689 | Lair:1   | Acquired the +11 crystal plate armour of Imperfection {rF+}
 11006 | Lair:1   | Reached skill level 16 in Fighting
 11172 | Lair:2   | Found a hole to the Spider Nest.
 11313 | Lair:2   | Reached ***** piety under Hepliaklqana
 11326 | Lair:2   | Reached skill level 5 in Invocations
 11776 | Lair:2   | Reached skill level 10 in Shields
 12029 | Lair:3   | Noticed Prince Ribbit
 12053 | Lair:3   | Killed Prince Ribbit
 12274 | Lair:3   | Found a transporter.
 12282 | Lair:3   | Noticed emiel's ghost (journeyman DsBe)
 12290 | Lair:3   | Noticed a death yak
 12297 | Lair:3   | Found a transporter.
 12597 | Lair:3   | Found a staircase to the Swamp.
 13424 | Lair:4   | Reached skill level 17 in Fighting
 13428 | Lair:4   | Reached XP level 13. HP: 82/118 MP: 17/17
 13991 | Lair:4   | Found a viscous altar of Jiyva.
 13999 | Lair:4   | Found a staircase to the Slime Pits.
 14157 | Lair:4   | Found a blossoming altar of Fedhas.
 15199 | Orc:1    | Entered Level 1 of the Orcish Mines
 15362 | Orc:1    | Reached ****** piety under Hepliaklqana
 15462 | Orc:2    | Entered Level 2 of the Orcish Mines
 15959 | Orc:2    | Found a staircase to the Elven Halls.
 16603 | Orc:2    | Found Kysuz's Armour Shop.
 16603 | Orc:2    | Found Minuhac's Distillery.
 16706 | Orc:2    | Found Vaxeuq's Armour Shop.
 16706 | Orc:2    | Found Dusif's Magic Scroll Shoppe.
 17088 | Orc:1    | Reached skill level 15 in Shields
 17600 | Orc:2    | Bought a scroll of teleportation for 42 gold pieces
 17600 | Orc:2    | Bought a scroll of enchant armour for 105 gold pieces
 17600 | Orc:2    | Bought a scroll of fog for 56 gold pieces
 17600 | Orc:2    | Bought a scroll of blinking for 105 gold pieces
 17600 | Orc:2    | Bought a scroll of fog for 56 gold pieces
 17600 | Orc:2    | Bought a scroll of teleportation for 42 gold pieces
 17632 | Orc:2    | Bought a potion of haste for 140 gold pieces
 17632 | Orc:2    | Bought a potion of heal wounds for 70 gold pieces
 17632 | Orc:2    | Bought a potion of might for 56 gold pieces
 17632 | Orc:2    | Bought 2 potions of curing for 84 gold pieces
 17632 | Orc:2    | Bought a potion of haste for 140 gold pieces
 17783 | Lair:5   | Entered Level 5 of the Lair of Beasts
 17799 | Lair:5   | Reached skill level 18 in Fighting
 18036 | Lair:5   | Reached XP level 14. HP: 128/128 MP: 19/19
 18344 | Lair:4   | Reached skill level 5 in Armour
 18456 | Lair:4   | Reached skill level 10 in Invocations
 19763 | Lair:5   | Got the Dissertation on the Bright Fair Folk
 19764 | Lair:5   | Identified the +6 short sword "Coesez" {elec, Dex+2}
 19950 | D:13     | Noticed Nessos
 19950 | D:13     | Noticed Rupert
 19950 | D:13     | Found a gate to the Vaults.
 20054 | D:12     | Killed Rupert
 20065 | D:12     | Reached skill level 19 in Fighting
 20733 | D:13     | Found Gunkuit's Book Emporium.
 20884 | D:13     | Identified the amulet "Lumix" {Acrobat rElec Dex+2}
 21129 | D:13     | Found Qesostryr's Book Shoppe.
 21137 | D:13     | Killed Nessos
 21164 | D:13     | Reached XP level 15. HP: 136/136 MP: 23/23
 21172 | D:13     | Noticed Jorgrun
 21216 | D:13     | Killed Jorgrun
 21927 | D:14     | Reached skill level 10 in Armour
 22656 | D:15     | Entered Level 15 of the Dungeon
 23467 | Swamp:1  | Entered Level 1 of the Swamp
 23882 | Swamp:1  | Noticed a fenstrider witch
 23889 | Swamp:1  | Killed a fenstrider witch
 24393 | Swamp:1  | Reached skill level 20 in Fighting
 24972 | Swamp:2  | Found a transporter.
 25142 | Swamp:2  | Identified the +8 battleaxe "Filatad" {holy, rCorr MP+9
                  | Str+2}
 25299 | Swamp:2  | Noticed Aizul
 25317 | Swamp:2  | Killed Aizul
 25318 | Swamp:2  | Reached XP level 16. HP: 116/145 MP: 21/25
 25451 | Swamp:2  | Found a transporter.
 25456 | Swamp:2  | Noticed Zatibaps's ghost (journeyman FeVM)
 25458 | Swamp:2  | Found a bloodstained altar of Trog.
 25467 | Swamp:2  | Identified the ring "Geptor" {+Blink rElec rPois rC+
                  | Slay-6}
 25696 | Swamp:3  | Noticed a thorn hunter
 25708 | Swamp:3  | Killed a thorn hunter
 26636 | Swamp:4  | Entered Level 4 of the Swamp
 27146 | Swamp:4  | Identified the +1 robe of Servitude {+Blink Stlth+}
 27969 | Swamp:4  | Reached skill level 15 in Armour
 27988 | Swamp:4  | Noticed the 27-headed Lernaean hydra
 28061 | Swamp:4  | Killed the 27-headed Lernaean hydra
 28126 | Swamp:4  | Got a decaying rune of Zot
 28586 | Spider:1 | Entered Level 1 of the Spider Nest
 28624 | Spider:1 | Reached skill level 1 in Dodging
 28761 | Spider:1 | Reached skill level 21 in Fighting
 29850 | Spider:1 | Slain by a demonic crawler

Illustrated notes

Levels and vault maps discovered:
D:1:      shiori_arrival_maze, layout_basic,
          shapermc_ecumenical_altar_mp_urbaneastern, minmay_pentomino_p2
D:2:      minmay_recursive_quarters, layout_basic, serial_shops, shop,
          minmay_misc_feat_roman
D:3:      layout_basic, minitemple
D:4:      layout_gridville, lemuel_crystal_altar, okawaru_metal_pillars_3,
          mainiacjoe_overflow_24_doors, minmay_temple_entry_sparse_star,
          minmay_misc_feat_diagonals
D:5:      layout_rooms, uniq_ijyb
D:6:      layout_loops_cross, serial_bayou_pond_a, serial_park_tiny_1
D:7:      layout_loops_ring, mainiacjoe_overflow_cross_hatched,
          columned_hall_lemuel, chequers_avenue, serial_bayou_pond_d,
          nicolae_elemental_shop, st_stairs_13, minivault_23,
          minmay_misc_feat_enclosed, nicolae_grassy_gnolls
D:8:      layout_rooms, nicolae_wu_jian_immortal_techniques, uniq_gastronok
D:9:      layout_cave_pools, minmay_splitting_lines, minmay_misc_feat_nine_boxes
D:10:     layout_layer_cave, nicolae_ru_great_annihilating_truth, uniq_sonja,
          uniq_snorg
D:11:     layout_long_grid, david_lair_generic, orc_0_dummy, trog_hazing_becter
D:12:     layout_roguey
D:13:     layout_basic, david_vaults_3, serial_shops, nicolae_diamond_shop,
          nicolae_shop_stone, uniq_jorgrun
D:14:     layout_basic, serial_park_square1 [serial_park_minivault_5x5_2]
D:15:     grunt_enter_depths_snipers, layout_loops_corners,
          nicolae_lava_and_water, hellmonk_guarded_unrand_starlight
Temple:   eino_narrow_crystal_temple
Lair:1:   minmay_lair_oklob_chamber, layout_big_grid, beast_lair_carwin_9,
          lemuel_fruit_tree
Lair:2:   layout_loops_ring, nicolae_spider_entry_non_spiders,
          chequers_serial_rivers_large_b, grunt_megastairs_4
Lair:3:   layout_cave_pods, minmay_swamp_entry_worms,
          gammafunk_ghost_berserking_beasts, grunt_megastairs_3,
          infiniplex_staircase_pool_2, uniq_prince_ribbit2
Lair:4:   layout_regular_city, slime_entry_1, tgw_fedhas
Lair:5:   grunt_lair_end_beastmaster, layout_hall_layers, serial_bayou_shore_b
Swamp:1:  layout_basic_swamp, serial_swamp_ruin, evilmike_swamp_ruin_house_1,
          evilmike_swamp_ruin_house_4, evilmike_swamp_ruin_rubble_1,
          swamp_pool1, nicolae_swamp_well_well_well
Swamp:2:  layout_basic_swamp, gammafunk_ghost_wrathful_warriors,
          evilmike_swamp_ruin_house_3, swamp_pool2, uniq_aizul
Swamp:3:  layout_basic_swamp, evilmike_swamp_ruin_house_2, swamp_pool4,
          hangedman_swamp_phenomena
Swamp:4:  swamp_old_school, layout_basic_swamp, swamp_pool2, worms_lemuel
Spider:1: layout_spider_delve, uniq_kirke
Orc:1:    layout_caves
Orc:2:    st_orc_town, layout_caves

Skill      XL: |  1  2  3  4  5  6  7  8  9 10 11 12 13 14 15 16 |
---------------+-------------------------------------------------+-----
Fighting       | 4 5 6 7 8 10 14 15 17 18 19 20 21 | 21.0
Axes           | 3 4 |  4.3
Polearms       | 1 3 4 6 8 10 13 | 13.7
Shields        | 8 12 15 | 15.0
Invocations    | 4 7 9 12 13 14 | 14.4
Armour         | 4 8 13 15 | 15.6
Dodging        | 3 |  3.3

Action                     |  1- 3 |  4- 6 |  7- 9 | 10-12 | 13-15 | 16-18 || total
---------------------------+-------+-------+-------+-------+-------+-------++-------
  Melee: War axe           |    63 |       |       |       |       |       ||    63
         Headbutt          |    12 |    11 |     8 |    84 |   221 |    62 ||   398
         Trident           |    14 |   115 |   214 |   562 |  1359 |   403 ||  2667
 Invoke: Ancestor Identity |       |     1 |       |       |       |       ||     1
         Ancestor Life: Kn |       |       |     1 |       |       |       ||     1
         Recall Ancestor   |       |       |       |     4 |     9 |     7 ||    20
         Transference      |       |       |       |       |     5 |     1 ||     6
         Idealise          |       |       |       |       |     8 |     1 ||     9
  Evoke: Wand              |       |       |       |       |     1 |       ||     1
         Phantom mirror    |       |       |       |       |       |     1 ||     1
    Use: Scroll            |       |     1 |       |    20 |     8 |     2 ||    31
         Potion            |       |       |       |     1 |     3 |     6 ||    10
   Stab: Distracted        |       |       |     3 |     2 |     8 |     5 ||    18
         Petrified         |       |       |       |       |     4 |       ||     4
         Sleeping          |       |       |       |       |       |     1 ||     1
 Armour: Scale mail        |    33 |    33 |    15 |     2 |       |       ||    83
         Plate armour      |       |       |       |    42 |       |       ||    42
         Crystal plate arm |       |       |       |    75 |   425 |    80 ||   580
         Swamp dragon scal |       |       |       |       |       |    94 ||    94
  Dodge: Dodged            |    46 |    28 |    59 |    75 |   262 |   227 ||   697
  Block: Buckler           |    18 |    18 |    15 |    20 |       |       ||    71
         Kite shield       |       |       |       |    71 |   461 |   201 ||   733
